[Event "Late-Titled-Tuesday-Blitz-November-28-2023"]
[Site "Chess.com"]
[Date "2023.11.28"]
[Round "4"]
[White "cthake"]
[Black "campochess"]
[Result "1-0"]
[WhiteElo "1920"]
[BlackElo "2197"]
[TimeControl "180+1"]
[EndTime "14:34:51 PST"]
[Termination "cthake won by resignation"]

1. e4 c5 2. Nf3 Nc6 3. Bb5 e5 4.
Bxc6 dxc6 5. O-O f6 6. d3 Bd6 7.
Nbd2 Ne7 8. Nc4 Bc7 9. Be3 b6 10. a4 Be6 11. b3 O-O 12. Nh4 Nc8 13. g4 Qd7 14. h3 Nd6 15. Nxd6 Bxd6 16. Nf5 Bxf5 17.
gxf5 Rad8 18. Kh1 Kh8 19. Rg1 Rg8 20. Qh5 Rdf8 21. Rg4 g5 22. fxg6 Rg7 23. Bh6 Rfg8 24. Bxg7+ Rxg7 25. Rag1 Qe8 26. Qh4 Be7 27. Qg3 b5 28. gxh7 Rg5 29. h4 Rxg4 30. Qxg4 Qf7 31. Qg8+ 1-0

[Event "Late-Titled-Tuesday-Blitz-November-28-2023"]
[Site "Chess.com"]
[Date "2023.11.28"]
[Round "4"]
[White "Sl4werThanYou"]
[Black "annazero"]
[Result "1-0"]
[WhiteElo "2678"]
[BlackElo "2510"]
[TimeControl "180+1"]
[EndTime "14:34:54 PST"]
[Termination "Sl4werThanYou won by checkmate"]

1. e4 g6 2. d4 Bg7 3. Nc3 d6 4. Bg5 c6 5. Qd2 Qb6 6. O-O-O a5 7. h4 h5 8. Nf3 a4 9. a3 Na6 10. Bc4 Nc7 11. Rhe1 Qa5 12. Ba2 b5 13. Kb1 b4 14.
axb4 Qxb4 15. Nd5 Qb7 16. Nxc7+ Qxc7 17. e5 d5 18. Qc3 Qb6 19. Bc1 Nh6 20. Ng5 O-O 21.
e6 f6 22. Nh3 Nf5 23. Nf4 Kh7 24. Nxh5 gxh5 25. Qd3 Kg6 26. g4 hxg4 27. h5+ Kh7 28.
Qxf5+ Kg8 29. h6 Bh8 30. Qg6+ Bg7 31. Qxg7# 1-0

[Event "Late-Titled-Tuesday-Blitz-November-28-2023"]
[Site "Chess.com"]
[Date "2023.11.28"]
[Round "4"]
[White "ElephantChessGenius"]
[Black "OneTrickPony_82"]
[Result "1-0"]
[WhiteElo "2253"]
[BlackElo "2459"]
[TimeControl "180+1"]
[EndTime "14:34:57 PST"]
[Termination "ElephantChessGenius won by checkmate"]

1. e4 e5 2. Nf3 Nc6 3. c3 d5 4. Qa4 f6 5. Bb5 Ne7 6. exd5 Qxd5 7. d4 Qe4+ 8. Be3 exd4 9. Nxd4 Qxg2 10. Rf1 Bd7 11.
Nxc6 Bxc6 12. Nd2 a6 13. Bxc6+ Nxc6 14. O-O-O O-O-O 15. h4 Qd5 16. Nb3 Qf5 17. Rxd8+ Kxd8 18. Rd1+ Kc8 19. Nd4 Qe4 20. Nxc6 Qxc6 21. Qg4+ Kb8 22. Rd8# 1-0

[Event "Late-Titled-Tuesday-Blitz-November-28-2023"]
[Site "Chess.com"]
[Date "2023.11.28"]
[Round "4"]
[White "Mikasinski"]
[Black "rdarruda"]
[Result "1-0"]
[WhiteElo "2708"]
[BlackElo "2517"]
[TimeControl "180+1"]
[EndTime "14:35:00 PST"]
[Termination "Mikasinski won by resignation"]

1. e4 c5 2. Nf3 Nc6 3. d4 cxd4 4. Nxd4 e5 5. Nb5 a6 6. Nd6+ Bxd6 7. Qxd6 Qe7 8.
Qxe7+ Ngxe7 9. Nc3 Nb4 10. Kd1 d6 11. a3 Nbc6 12. Be3 Be6 13. Bd3 O-O 14. Kc1 Na5 15.
b3 Rac8 16. Kb2 b5 17. Rad1 Nac6 18. Be2 Rfd8 19. Nd5 Bxd5 20. exd5 Nb8 21. c4 bxc4 22. Bxc4 f5 23. f4 exf4 24. Bxf4 Ng6 25. Bg5 Re8 26. Rhe1 Ne5 27. Bf1 Rc7 28. Rc1 Rec8 29. Rxc7 Rxc7 30. Bf4 Re7 31. Bxe5 dxe5 32. d6 Rd7 33. Rxe5 Nc6 34.
Bc4+ 1-0

[Event "Late-Titled-Tuesday-Blitz-November-28-2023"]
[Site "Chess.com"]
[Date "2023.11.28"]
[Round "4"]
[White "whitemirrorninja"]
[Black "A-Fier"]
[Result "1/2-1/2"]
[WhiteElo "2542"]
[BlackElo "2739"]
[TimeControl "180+1"]
[EndTime "14:35:02 PST"]
[Termination "Game drawn by repetition"]

1. e4 Nf6 2. Nc3 e5 3. Nf3 Nc6 4. Be2 Bb4 5. Nd5 Bc5 6. d3 h6 7. c3 d6 8. b4 Bb6 9. a4 a5 10. Nxb6 cxb6 11. b5 Ne7 12. c4 Nd7 13. O-O Nc5 14. Ne1 Ng6 15. Bh5 O-O 16. Nc2 Qh4 17. Bxg6 fxg6 18. Ne3 g5 19. Nd5 Be6 20. Nxb6 Rae8 21.
Bd2 Nxd3 22. Bxa5 Nxf2 23. Qe1 Nh3+ 24. gxh3 Rxf1+ 25. Qxf1 Bxh3 26. Qe2 Rf8 27. Be1 Rf1+ 28. Qxf1 Qg4+ 29. Bg3 Bxf1 30. Rxf1 Qxe4 31. a5 h5 32. a6 bxa6 33. bxa6 Qd4+ 34. Bf2 Qg4+ 35. Kh1 Qf3+ 36. Kg1 Qg4+ 37. Bg3 Qd4+ 38. Bf2 Qg4+ 1/2-1/2

[Event "Late-Titled-Tuesday-Blitz-November-28-2023"]
[Site "Chess.com"]
[Date "2023.11.28"]
[Round "4"]
[White "DvaHrasta"]
[Black "randomo"]
[Result "0-1"]
[WhiteElo "2495"]
[BlackElo "2342"]
[TimeControl "180+1"]
[EndTime "14:35:10 PST"]
[Termination "randomo won on time"]

1. c4 Nf6 2. g3 e6 3. Bg2 d5 4. Nf3 dxc4 5. O-O c5 6. Na3 Be7 7. Nxc4 Nc6 8. b3 O-O 9. Bb2 Nd5 10. Rc1 Bf6 11. Qc2 b6 12. a3 Bb7 13. Rfd1 Rc8 14. e4 Nd4 15. Bxd4 cxd4 16. exd5 exd5 17. Bh3 Rc7 18. Nce5 Rxc2 19. Rxc2 Qd6 20. Nd3 Ba6 21. Nb4 Be2 22. Rc6 Qd8 23. Rc8 Qxc8 24. Bxc8 Rxc8 0-1

[Event "Late-Titled-Tuesday-Blitz-November-28-2023"]
[Site "Chess.com"]
[Date "2023.11.28"]
[Round "4"]
[White "GoValya"]
[Black "vidavi"]
[Result "1-0"]
[WhiteElo "2224"]
[BlackElo "2427"]
[TimeControl "180+1"]
[EndTime "14:35:15 PST"]
[Termination "GoValya won by resignation"]

1. d4 d5 2. c4 e5 3. dxe5 d4 4. Nf3 Nc6 5. g3 Nge7 6. Bg2 Ng6 7. O-O Bf5 8. Nbd2 Qd7 9. Nb3 O-O-O 10. Bg5 Be7 11.
Bxe7 Ngxe7 12. Qd2 Ng6 13. Rfd1 h5 14. Nc5 Qe7 15. Nxb7 Kxb7 16. Nxd4 Rxd4 17. Qxd4 Qxe5 18. Bxc6+ Kxc6 19. Qxa7 Qc5 20. Qa4+ Kb7 21. Rd5 1-0

[Event "Late-Titled-Tuesday-Blitz-November-28-2023"]
[Site "Chess.com"]
[Date "2023.11.28"]
[Round "4"]
[White "PapaieDudu"]
[Black "DAVIDHDZSTS"]
[Result "1-0"]
[WhiteElo "2409"]
[BlackElo "2002"]
[TimeControl "180+1"]
[EndTime "14:35:15 PST"]
[Termination "PapaieDudu won by resignation"]

1. e4 c5 2. Nf3 e6 3. d4 cxd4 4.
Nxd4 a6 5. Nc3 Qc7 6. Be3 Bb4 7. Qd2 Nf6 8. Bd3 d5 9. exd5 Nxd5 10. Nde2 Nd7 11.
O-O Nxc3 12. bxc3 Bd6 13. f4 Nf6 14. Nd4 Nd5 15. c4 Nxe3 16. Qxe3 Bc5 17. c3 b6 18. Kh1 Bb7 19. f5 e5 20. Rae1 f6 21. Ne6 Qe7 22. Qg3 g5 23. Be4 h5 24. Bd5 Bc8 25. Bxa8 Bxe6 26.
fxe6 Qxe6 27. Bd5 Qe7 28. Qf3 Kd7 29. Ba8 Rf8 30. Qc6+ Kd8 31. Rd1+ 1-0

[Event "Late-Titled-Tuesday-Blitz-November-28-2023"]
[Site "Chess.com"]
[Date "2023.11.28"]
[Round "4"]
[White "Dinamo81"]
[Black "Elsa167"]
[Result "1-0"]
[WhiteElo "2718"]
[BlackElo "2909"]
[TimeControl "180+1"]
[EndTime "14:35:16 PST"]
[Termination "Dinamo81 won by resignation"]

1. d4 Nf6 2. Bf4 e6 3. e3 b6 4. Qf3 Nc6 5. Nc3 Bb7 6. O-O-O g6 7. e4 Bg7 8. d5 Ne7 9. Be5 Nh5 10. Bxg7 Nxg7 11. Nh3 O-O 12. Bc4 d6 13. g4 e5 14.
Qe3 f6 15. f4 exf4 16. Nxf4 Bc8 17. Rdg1 Kh8 18. h4 Ng8 19. h5 g5 20. Ng6+ hxg6 21.
hxg6+ Nh6 22. Rxh6+ 1-0

[Event "Late-Titled-Tuesday-Blitz-November-28-2023"]
[Site "Chess.com"]
[Date "2023.11.28"]
[Round "4"]
[White "MKlose11"]
[Black "emeli_chess"]
[Result "1-0"]
[WhiteElo "2604"]
[BlackElo "2369"]
[TimeControl "180+1"]
[EndTime "14:35:16 PST"]
[Termination "MKlose11 won by resignation"]

1. e4 e5 2. Nf3 Nc6 3. d4 exd4 4.
Bc4 Nf6 5. O-O Nxe4 6. Re1 d5 7.
Bxd5 Qxd5 8. Nc3 Qa5 9. Nxe4 Be6 10. Neg5 Bd6 11. Nxe6 fxe6 12. Rxe6+ Kd7 13. Re4 Rae8 14.
Bd2 Qd5 15. Rg4 g6 16. b4 Re4 17. Rg5 Qe6 18. b5 Ne7 19. c3 dxc3 20. Bxc3 Re8 21.
Be5 Nf5 22. Bxd6 Qxd6 23. g4 Nd4 24. Nxd4 Qxd4 25. Rd5+ Qxd5 26. Qxd5+ Kc8 27. Rd1 1-0

[Event "Late-Titled-Tuesday-Blitz-November-28-2023"]
[Site "Chess.com"]
[Date "2023.11.28"]
[Round "4"]
[White "Real_taiatai"]
[Black "SaqoChess_Twitch"]
[Result "0-1"]
[WhiteElo "2373"]
[BlackElo "2626"]
[TimeControl "180+1"]
[EndTime "14:35:36 PST"]
[Termination "SaqoChess_Twitch won by resignation"]

1. e4 c5 2. Nf3 d6 3. d4 cxd4 4. Nxd4 Nf6 5. Nc3 g6 6. Bc4 Bg7 7. Be3 O-O 8. f3 Nc6 9. Qd2 Bd7 10. Bb3 Rc8 11. O-O-O Nxd4 12. Bxd4 b5 13. Kb1 a5 14. a4 bxa4 15. Bxa4 Bxa4 16. Nxa4 Rc4 17. Nc3 Nxe4 18. Nxe4 Rxd4 19. Qe2 Rb4 20. c3 Rb8 21. Qc4 Qb6 22. Rd2 Rfc8 23. Qe2 f5 24. Ng5 e5 25. Qd3 Rc5 26.
Qxd6 Qxd6 27. Rxd6 Rcb5 28. b4 axb4 29. c4 R5b6 30. Rhd1 Rxd6 31. Rxd6 Bf8 32. Rd7 Rc8 33. Nxh7 Bg7 34. Ng5 Bf6 35. Ne6 Rxc4 36. Rb7 e4 37. fxe4 Rxe4 38. Nc5 Re1+ 39. Kc2 Re2+ 40. Kb3 Rxg2 41. Kxb4 Rxh2 42. Kc4 Rd2 43. Ne6 Rd6 44. Nf4 Rd4+ 0-1

[Event "Late-Titled-Tuesday-Blitz-November-28-2023"]
[Site "Chess.com"]
[Date "2023.11.28"]
[Round "4"]
[White "NikolaGry"]
[Black "FairChess_on_YouTube"]
[Result "0-1"]
[WhiteElo "2709"]
[BlackElo "3083"]
[TimeControl "180+1"]
[EndTime "14:35:38 PST"]
[Termination "FairChess_on_YouTube won by resignation"]

1. d4 Nf6 2. Bg5 g6 3. Bxf6 exf6 4. c4 d5 5. cxd5 Qxd5 6. Nc3 Qd8 7. e3 c6 8. Bc4 Bd6 9. Nge2 Nd7 10. O-O Nb6 11. Bb3 O-O 12. Rc1 f5 13. g3 Re8 14.
Nf4 Bxf4 15. gxf4 Be6 16. Bxe6 Rxe6 17. Qf3 Rd6 18. b3 Qe7 19. Kh1 Rad8 20. Rfd1 R6d7 21. h3 Qb4 22. Ne2 Nd5 23. Rc4 Qe7 24. Rdc1 Nf6 25.
Ng3 Rd5 26. Rc5 Rxc5 27. Rxc5 Rd5 28. Rxd5 Nxd5 29. Qe2 Qa3 30. e4 Qc1+ 31. Kh2 Nxf4 32. Qf3 fxe4 33. Nxe4 Kg7 34. Nd6 b5 35. Ne8+ Kf8 36.
Nd6 a5 37. d5 cxd5 38. Nxb5 Ke7 39. Nd4 Qc7 40. Kh1 Ne6 41. Qxd5 Qc1+ 0-1

[Event "Late-Titled-Tuesday-Blitz-November-28-2023"]
[Site "Chess.com"]
[Date "2023.11.28"]
[Round "4"]
[White "temiksmozg"]
[Black "alexrustemov"]
[Result "0-1"]
[WhiteElo "2604"]
[BlackElo "2853"]
[TimeControl "180+1"]
[EndTime "14:35:38 PST"]
[Termination "alexrustemov won by resignation"]

1. e4 e6 2. d4 d5 3. Nc3 dxe4 4. Nxe4 Bd7 5. Nf3 Bc6 6. Bd3 Nd7 7. Qe2 Ngf6 8. Bg5 Be7 9. Bxf6 Nxf6 10. c3 Qd5 11.
Nxf6+ gxf6 12. Bc4 Qf5 13. O-O-O O-O-O 14. Rhe1 Rhg8 15. Qe3 Bd6 16. Nh4 Qg5 17. g3 Qxe3+ 18. fxe3 f5 19. d5 Bd7 20. e4 f4 21. e5 Be7 22. dxe6 Bxe6 23. Bxe6+ fxe6 24. Rxd8+ Kxd8 25. Nf3 fxg3 26. hxg3 Bc5 27. Nd2 Rxg3 28. Ne4 Rg1 29. Rxg1 Bxg1 30. Ng5 Be3+ 0-1

[Event "Late-Titled-Tuesday-Blitz-November-28-2023"]
[Site "Chess.com"]
[Date "2023.11.28"]
[Round "4"]
[White "GiorgianBarbosa"]
[Black "CheckThis4"]
[Result "1-0"]
[WhiteElo "2541"]
[BlackElo "2712"]
[TimeControl "180+1"]
[EndTime "14:35:38 PST"]
[Termination "GiorgianBarbosa won by resignation"]

1. d4 Nf6 2. Nf3 g6 3. e3 Bg7 4. Be2 O-O 5. O-O b6 6. b3 Bb7 7. Bb2 d6 8. Nbd2 Nbd7 9. c4 e5 10.
dxe5 Ng4 11. Qc2 Ndxe5 12. h3 Nxf3+ 13. Bxf3 Bxf3 14. Nxf3 Ne5 15. Nxe5 dxe5 16. Rad1 Qe7 17. Rd5 c6 18. Rd2 Rad8 19. Rfd1 h5 20. Qe4 Rxd2 21. Rxd2 Rd8 22. Rxd8+ Qxd8 23. Qxc6 Qd1+ 24. Kh2 Qd2 25.
Qe8+ Kh7 26. Bxe5 Bxe5+ 27. Qxe5 Qxf2 28. Qf4 Qxa2 29. Qxf7+ Kh6 30. b4 a5 31. Qf4+ Kh7 32. c5 bxc5 33. bxc5 a4 34. c6 a3 35. c7 Qc2 36.
Qf7+ Kh6 37. Qf8+ Kh7 38. c8=Q 1-0

[Event "Late-Titled-Tuesday-Blitz-November-28-2023"]
[Site "Chess.com"]
[Date "2023.11.28"]
[Round "4"]
[White "GMForgacs"]
[Black "Alexei_Gubajdullin"]
[Result "0-1"]
[WhiteElo "2457"]
[BlackElo "2662"]
[TimeControl "180+1"]
[EndTime "14:35:45 PST"]
[Termination "Alexei_Gubajdullin won by resignation"]

1. e4 g6 2. d4 Bg7 3. Nc3 d6 4. f4 a6 5. Nf3 Nd7 6. Bd3 b5 7. Be3 c5 8. Ne2 cxd4 9. Nexd4 Bb7 10. O-O Ngf6 11. e5 dxe5 12. fxe5 Ng4 13. Qe2 Ndxe5 14. Nxe5 Nxe5 15. Rad1 O-O 16. c3 Nxd3 17. Rxd3 Qc8 18.
Bg5 e5 19. Nb3 h6 20. Bf6 e4 21. Rh3 Qc4 22. Qxc4 bxc4 23. Nc5 Bd5 24. Nd7 Rfe8 25. Nb6 Bxf6 26. Nxa8 Be5 27. Nb6 Be6 28. Rxh6 Rd8 29. Re1 Kg7 30. Rh4 f5 31. Re2 Rd1+ 32. Kf2 Bb8 33. Na4 Ba7+ 34. Kg3 g5 35. Rhxe4 fxe4 36. Rxe4 Rd3+ 0-1

[Event "Late-Titled-Tuesday-Blitz-November-28-2023"]
[Site "Chess.com"]
[Date "2023.11.28"]
[Round "4"]
[White "SergioMoralesG"]
[Black "jup1978"]
[Result "1-0"]
[WhiteElo "2366"]
[BlackElo "2515"]
[TimeControl "180+1"]
[EndTime "14:35:45 PST"]
[Termination "SergioMoralesG won by checkmate"]

1. d4 Nf6 2. c4 d6 3. Nf3 g6 4.
Nc3 Bf5 5. Qb3 b6 6. Bg5 Bg7 7. g3 O-O 8. Bg2 Ne4 9. Nxe4 Bxe4 10. O-O Nc6 11. d5 Na5 12. Qe3 Bxf3 13. Bxe7 Qe8 14. exf3 Bxb2 15. Rab1 Bg7 16. Bxf8 Bxf8 17. Rfe1 Qa4 18. f4 Nxc4 19. Qe2 b5 20. f5 a6 21. fxg6 hxg6 22. h4 Ne5 23. f4 Qd4+ 24. Kh1 Nc4 25. h5 Kg7 26. hxg6 fxg6 27. Qg4 Qf6 28. Be4 Be7 29. Bd3 Rh8+ 30. Kg2 Bf8 31. Re6 Qf7 32.
Rxg6+ Kh7 33. Rh1+ Bh6 34. Rhxh6# 1-0

[Event "Late-Titled-Tuesday-Blitz-November-28-2023"]
[Site "Chess.com"]
[Date "2023.11.28"]
[Round "4"]
[White "FaustinoOro"]
[Black "Maxfan2008"]
[Result "1-0"]
[WhiteElo "2850"]
[BlackElo "2547"]
[TimeControl "180+1"]
[EndTime "14:35:47 PST"]
[Termination "FaustinoOro won by resignation"]

1. e4 c5 2. Nf3 e6 3. g3 Nc6 4.
Bg2 Nf6 5. d3 d5 6. exd5 Nxd5 7.
O-O Be7 8. c3 O-O 9. d4 cxd4 10.
Nxd4 Bd7 11. Nf3 Bf6 12. Nbd2 Qe7 13. Ne4 Rfd8 14. Nxf6+ Nxf6 15. Qc2 e5 16. Re1 Rac8 17. Qe2 Bg4 18. h3 Bxf3 19. Bxf3 Nd7 20. h4 b6 21. Bg5 f6 22. Be3 Na5 23. h5 e4 24. Bg2 f5 25.
Bh3 Rf8 26. Rad1 Ne5 27. Bf4 Qf6 28. Bxe5 Qxe5 29. Rd4 Nc6 30. Rd7 Rcd8 31. Qc4+ Kh8 32. Qxc6 1-0

[Event "Late-Titled-Tuesday-Blitz-November-28-2023"]
[Site "Chess.com"]
[Date "2023.11.28"]
[Round "4"]
[White "bazar-wokzal"]
[Black "semchik73"]
[Result "1-0"]
[WhiteElo "2631"]
[BlackElo "2399"]
[TimeControl "180+1"]
[EndTime "14:35:47 PST"]
[Termination "bazar-wokzal won by resignation"]

1. e4 Nf6 2. e5 Nd5 3. d4 d6 4. c4 Nb6 5. f4 dxe5 6. fxe5 Nc6 7. Be3 Bf5 8. Nc3 e6 9. Nf3 Bg4 10. Be2 Bxf3 11. gxf3 Qh4+ 12. Bf2 Qf4 13. Ne4 Bb4+ 14. Kf1 O-O-O 15. c5 Nd5 16. a3 Ne3+ 17. Bxe3 Qxe3 18. axb4 Nxd4 19. Qd3 Qxd3 20. Bxd3 Nxf3 21. Be2 Nxe5 22. Rxa7 Kb8 23. Ra3 Rd4 24. Nc3 Rxb4 25. Kf2 Rxb2 26. Rha1 c6 27. Ra8+ Kc7 28. Rxh8 Nd3+ 29.
Ke3 Nxc5 30. Rxh7 Nb3 31. Rf1 f5 32. Rxg7+ Kd6 33. h4 Rc2 34. Na4 e5 35. Bd1 f4+ 36.
Kd3 Rd2+ 37. Kc3 b5 38. Bxb3 Rh2 39. Rd1+ 1-0

[Event "Late-Titled-Tuesday-Blitz-November-28-2023"]
[Site "Chess.com"]
[Date "2023.11.28"]
[Round "4"]
[White "Zorbos"]
[Black "kai_nov"]
[Result "0-1"]
[WhiteElo "2567"]
[BlackElo "2282"]
[TimeControl "180+1"]
[EndTime "14:35:51 PST"]
[Termination "kai_nov won by resignation"]

1. d4 Nf6 2. c4 e6 3. Nf3 d5 4.
Nc3 Be7 5. Bf4 O-O 6. e3 a6 7.
Rc1 Nh5 8. Be5 Nc6 9. cxd5 exd5 10. Bd3 g6 11. Qb3 Nxe5 12. dxe5 c6 13. h3 f5 14. Ne2 c5 15. Bb1 f4 16. e4 c4 17. Qd1 Bb4+ 18.
Kf1 dxe4 19. Qxd8 Rxd8 20. Bxe4 Be6 21. Ng5 Bf5 22. Bxf5 gxf5 23. g4 fxg3 24. fxg3 Rd2 25. Rxc4 Rxe2 26. Rxb4 Nxg3+ 27. Kg1 Rd8 0-1

[Event "Late-Titled-Tuesday-Blitz-November-28-2023"]
[Site "Chess.com"]
[Date "2023.11.28"]
[Round "4"]
[White "Nf3c5"]
[Black "ashookk"]
[Result "1-0"]
[WhiteElo "2494"]
[BlackElo "2318"]
[TimeControl "180+1"]
[EndTime "14:35:51 PST"]
[Termination "Nf3c5 won by resignation"]

1. d4 Nf6 2. Nf3 g6 3. e3 Bg7 4.
Be2 O-O 5. O-O d6 6. b3 c5 7. Bb2 Nc6 8. c4 Bg4 9. Nbd2 Nd7 10. h3 Bxf3 11. Nxf3 Qb6 12. Qd2 a5 13. d5 Nce5 14. Nh2 f5 15. f4 Nf7 16. Bxg7 Kxg7 17. Qb2+ Kg8 18. a4 Nf6 19. Bf3 Rae8 20. Rad1 Nd7 21. e4 fxe4 22. Bxe4 Nf6 23. Bf3 e5 24. dxe6 Rxe6 25. Bg4 Nxg4 26. Nxg4 Qd8 27. f5 gxf5 28. Rxf5 Ne5 29. Rxe5 1-0

[Event "Late-Titled-Tuesday-Blitz-November-28-2023"]
[Site "Chess.com"]
[Date "2023.11.28"]
[Round "4"]
[White "ploxoi"]
[Black "Goryachkina"]
[Result "0-1"]
[WhiteElo "2463"]
[BlackElo "2646"]
[TimeControl "180+1"]
[EndTime "14:35:52 PST"]
[Termination "Goryachkina won by resignation"]

1. d4 Nf6 2. c4 e6 3. g3 d5 4.
Nf3 Bb4+ 5. Bd2 a5 6. Bg2 O-O 7. O-O dxc4 8. Qc2 Bxd2 9. Qxd2 b5 10. a4 c6 11. Na3 Qb6 12. Rfc1 Bb7 13. Rab1 Nbd7 14.
b3 c3 15. Qc2 b4 16. Nc4 Qc7 17.
e4 h6 18. Nfe5 Ba6 19. Rd1 Rfd8 20. Nxd7 Nxd7 21. Ne3 Nf6 22. Qc1 Qb6 23. Nc2 Rd7 24. h3 Rad8 25. Re1 c5 26. d5 exd5 27. exd5 Nxd5 28.
Kh2 Bd3 29. Bf3 c4 30. bxc4 Qxf2+ 31. Bg2 Bxc2 0-1

[Event "Late-Titled-Tuesday-Blitz-November-28-2023"]
[Site "Chess.com"]
[Date "2023.11.28"]
[Round "4"]
[White "AryanTari"]
[Black "German_Bazeev"]
[Result "1-0"]
[WhiteElo "2981"]
[BlackElo "2809"]
[TimeControl "180+1"]
[EndTime "14:35:54 PST"]
[Termination "AryanTari won by resignation"]

1. e4 c5 2. Nf3 Nc6 3. Bc4 e6 4. O-O a6 5. Re1 b5 6. Bf1 Bb7 7. c3 g5 8. d4 g4 9. d5 gxf3 10. dxc6 fxg2 11. cxd7+ Qxd7 12. Qxd7+ Kxd7 13. Bxg2 Ne7 14. Be3 Ng6 15. Nd2 Nh4 16. Bh1 Rg8+ 17. Kf1 Be7 18. Nb3 Rac8 19. Red1+ Ke8 20. a4 b4 21. Na5 Ba8 22. Nc4 f5 23. cxb4 cxb4 24. Rac1 Kf8 25.
Ne5 Rxc1 26. Bh6+ Ke8 27. Rxc1 Bxe4 28. Bxe4 fxe4 29. Rc8+ Bd8 30. Rc6 Nf5 31. Rxe6+ Be7 32. Bd2 a5 33. Ra6 Bd6 34. Ra8+ 1-0

[Event "Late-Titled-Tuesday-Blitz-November-28-2023"]
[Site "Chess.com"]
[Date "2023.11.28"]
[Round "4"]
[White "Hikaru"]
[Black "IlyaGrigorjev"]
[Result "1-0"]
[WhiteElo "3223"]
[BlackElo "2900"]
[TimeControl "180+1"]
[EndTime "14:35:56 PST"]
[Termination "Hikaru won on time"]

1. g3 Nf6 2. Bg2 d5 3. d3 g6 4. Bd2 Bg7 5. Qc1 O-O 6. Bh6 e5 7. h4 Bxh6 8. Qxh6 Ng4 9. Qd2 h5 10. f3 Nf6 11. e4 Nc6 12. Nc3 Be6 13. Nh3 dxe4 14. dxe4 Qxd2+ 15. Kxd2 Rfd8+ 16. Ke3 Nd4 17. Rhc1 c6 18. Nf2 Rd7 19. Nd3 Rad8 20. Nxe5 Rd6 21. Bf1 b5 22. Nd3 Bc4 23. Nd1 Nxc2+ 24. Rxc2 Bxd3 25. Bxd3 Rxd3+ 26. Ke2 R3d6 27. Nf2 Nd7 28. Nd3 Nb6 29. Nf2 Kf8 30. b3 Ke7 31. Rac1 c5 32. Rxc5 Rd2+ 33. Ke3 Rxa2 34. Rxb5 Rdd2 35. Nd3 Kf6 36.
Rc6+ Kg7 37. Rc7 Re2+ 38. Kf4 Rac2 39. Rxa7 Rc6 40. Rxf7+ Kxf7 41. Ne5+ Kf6 42. Nxc6 Nd7 43. e5+ Kg7 44. Rb7 1-0

[Event "Late-Titled-Tuesday-Blitz-November-28-2023"]
[Site "Chess.com"]
[Date "2023.11.28"]
[Round "4"]
[White "e4evr"]
[Black "Aradhya2000"]
[Result "0-1"]
[WhiteElo "2133"]
[BlackElo "2726"]
[TimeControl "180+1"]
[EndTime "14:35:57 PST"]
[Termination "Aradhya2000 won by checkmate"]

1. e4 e5 2. Nf3 Nc6 3. Bb5 a6 4. Ba4 Nf6 5. O-O b5 6. Bb3 Bc5 7. Nxe5 Nxe5 8. d4 Bxd4 9. Qxd4 d6 10. c3 O-O 11. Bg5 h6 12. Bh4 c5 13. Qd1 c4 14.
Bc2 Bb7 15. f3 Re8 16. Nd2 Ng6 17. Bg3 d5 18. exd5 Nxd5 19. Bxg6 Ne3 20. Qb1 Nxf1 21.
Bh7+ Kh8 22. Nxf1 g6 23. Bxg6 Qb6+ 24. Kh1 Qxg6 25. Qc1 Re2 26. Ne3 Re8 27. Ng4 h5 28. Qh6+ Qxh6 29. Nxh6 Bd5 30. Nf5 Rxb2 31. h4 Ree2 32. Rd1 Be6 33. Rd8+ Kh7 34. Nd4 Rxg2 35. Be5 Rg8 36. Nxe6 fxe6 37. Rd7+ Kg6 38. Rd6 Kf5 39. Bd4 Rg3 40. Rxa6 Rxf3 41. Ra8 Rf1+ 42. Bg1 Rbb1 43. Rf8+ Kg4 44. Rxf1 Rxf1 45. Kg2 Ra1 46. Bf2 Rxa2 47. Kg1 Kf3 48. Bd4 Rd2 49. Bb6 e5 50. Kh1 e4 51. Bg1 e3 52. Bh2 Rd1+ 53. Bg1 e2 54.
Kh2 e1=Q 55. Bf2 Qh1# 0-1

[Event "Late-Titled-Tuesday-Blitz-November-28-2023"]
[Site "Chess.com"]
[Date "2023.11.28"]
[Round "4"]
[White "Meri-Arabidze"]
[Black "Schwindle"]
[Result "1-0"]
[WhiteElo "2681"]
[BlackElo "2377"]
[TimeControl "180+1"]
[EndTime "14:35:57 PST"]
[Termination "Meri-Arabidze won by resignation"]

1. b3 d6 2. Bb2 Nc6 3. Nf3 e5 4. c4 Nf6 5. g3 Bg4 6. Bg2 Qd7 7. h3 Bf5 8. d3 h6 9. Nc3 O-O-O 10. e4 Be6 11. Nd5 Ne8 12. Qd2 Kb8 13. b4 Ne7 14. b5 g6 15. a4 Bg7 16. a5 f5 17. b6 Bxd5 18. bxa7+ Kxa7 19. cxd5 Nf6 20. O-O fxe4 21. Qe3+ Ka8 22. dxe4 Qb5 23. Rfb1 Qa6 24. Bf1 Qa7 25. Qe2 Rhf8 26. a6 b6 27. Bc1 g5 28. Qd3 Nd7 29.
Bg2 Nc5 30. Qc4 Rf7 31. Be3 Rdf8 32. Nd2 Ng6 33. Nb3 Nf4 34. Nxc5 dxc5 35. Qb5 Nxg2 36. Bxc5 Re8 37. Qxe8+ 1-0

[Event "Late-Titled-Tuesday-Blitz-November-28-2023"]
[Site "Chess.com"]
[Date "2023.11.28"]
[Round "4"]
[White "morte-negra"]
[Black "carloseduar100"]
[Result "0-1"]
[WhiteElo "2015"]
[BlackElo "2261"]
[TimeControl "180+1"]
[EndTime "14:35:57 PST"]
[Termination "carloseduar100 won on time"]

1. e4 e6 2. d4 d5 3. e5 c5 4. c3 Nc6 5. Nf3 Qb6 6. Bd3 Bd7 7. O-O cxd4 8. a3 Nh6 9. b4 dxc3 10.
Nxc3 a6 11. Na4 Qc7 12. Bxh6 gxh6 13. Nc5 Nxe5 14. Nxe5 Qxe5 15. Nxd7 Kxd7 16. Re1 Qd6 17. Qh5 Be7 18. b5 a5 19. b6 Raf8 20. Rac1 Kd8 21. Rc7 Qxb6 22. Rec1 Bxa3 23. Qh4+ f6 24. Rc8+ Ke7 25.
R1c7+ Kd6 26. Qa4 Rxc8 27. Rd7+ Kc5 28. Qxa3+ Qb4 29. Qc1+ Kb6 30. Qe3+ d4 31. Qxe6+ Rc6 32. Qe2 Rc1+ 0-1

[Event "Late-Titled-Tuesday-Blitz-November-28-2023"]
[Site "Chess.com"]
[Date "2023.11.28"]
[Round "4"]
[White "Mikhal867"]
[Black "lluiss"]
[Result "0-1"]
[WhiteElo "2415"]
[BlackElo "2202"]
[TimeControl "180+1"]
[EndTime "14:35:58 PST"]
[Termination "lluiss won by resignation"]

1. d4 Nf6 2. c4 g6 3. f3 d5 4. cxd5 Nxd5 5. e4 Nb6 6. Be3 Bg7 7. Nc3 O-O 8. Qd2 Nc6 9. d5 Ne5 10. b3 e6 11. f4 Ng4 12. Bd4 e5 13. Bc5 exf4 14. Bxf8 Qh4+ 15. g3 fxg3 16. O-O-O Kxf8 17. Nf3 Qh5 18. Kb1 Nf2 19. hxg3 Qxf3 20. Rxh7 Nxd1 21.
Nxd1 Qxe4+ 22. Bd3 Qxd5 23. Nc3 Qe5 24. Rxg7 Kxg7 25.
Bc2 Bf5 26. g4 Bxc2+ 27. Qxc2 Rd8 0-1

[Event "Late-Titled-Tuesday-Blitz-November-28-2023"]
[Site "Chess.com"]
[Date "2023.11.28"]
[Round "4"]
[White "TimGrutter03"]
[Black "AsaHoffmann"]
[Result "1-0"]
[WhiteElo "2543"]
[BlackElo "2339"]
[TimeControl "180+1"]
[EndTime "14:36:04 PST"]
[Termination "TimGrutter03 won by resignation"]

1. b3 d6 2. Bb2 Nd7 3. g3 c6 4.
Bg2 e5 5. c4 Ngf6 6. Nf3 Be7 7.
O-O O-O 8. Nc3 a5 9. d4 e4 10. Ng5 d5 11. Rc1 h6 12. Nh3 g5 13. f3 exf3 14. exf3 Re8 15. f4 g4 16. Nf2 h5 17.
cxd5 cxd5 18. Nxd5 Nxd5 19. Bxd5 Nb6 20. Bg2 Bf5 21.
d5 Bf6 22. Bxf6 Qxf6 23. Re1 Red8 24. Ne4 Bxe4 25. Bxe4 a4 26. b4 a3 27. Qd3 Ra4 28.
Bg2 Qb2 29. Rb1 Qxa2 30. Re5 Qc4 31. Rg5+ Kf8 32. Qh7 Qd4+ 33. Kh1 a2 34. Re1 1-0